AoeStats
← WENDIGO

Nomad

510219879Analyzed
2v2 RM · 1d ago on Sep 30, 2026· 30m 37s· 4 players
Game mode
Random Map
Map size
176×176
Population
200
Speed
Normal
Resources
Standard
Victory
Conquest
Starting age
Dark Age
Ending age
Imperial Age
RankedLock teamsTeams togetherTeam positionsShared explorationLock speedFull tech treeHidden civsTurbo modeCheats
Victory
Defeat
🇲🇽 Huns · Mexico
945
+19
🇦🇺 Varangians · Australia
941
+19
🇨🇱 Lithuanians · Chile
1025
-20
🇦🇷 Malians · Argentina
985
-18
GordoBasofia
5:24 Loom
14:56 Feudal Age
22:09 Castle Age
21:16 Double-Bit Axe
26:07 Forging
26:03 Scale Barding Armor
lyusen
7:57 Loom
13:22 Feudal Age
19:10 Castle Age
18:02 Stone Mining
20:02 Fletching
21:37 Wheelbarrow
21:31 Bodkin Arrow
24:06 Horse Collar
26:59 Padded Archer Armor
26:56 Town Watch
27:57 Double-Bit Axe
28:58 Heavy Plow
29:22 Squires
28:46 Pikeman
WENDIGO
10:03 Loom
16:48 Feudal Age
18:26 Double-Bit Axe
21:52 Bloodlines
23:23 Wheelbarrow
27:26 Castle Age
25:46 Stone Mining
26:27 Scale Barding Armor
27:02 Fletching
27:27 Gold Mining
27:46 Padded Archer Armor
28:55 Bodkin Arrow
29:22 Husbandry
30:37 Bow Saw
Mclovin
3:50 Loom
14:45 Feudal Age
20:05 Castle Age
18:45 Forging
19:57 Bloodlines
19:54 Scale Barding Armor
21:23 Fletching
22:44 Fishing Lines
23:23 Husbandry
26:01 Iron Casting
28:36 Chain Barding Armor
29:33 Bodkin Arrow
Connection lost

Rejoining the realm…

Still unreachable

The connection could not be restored.

Session expired

The server has moved on; the page needs a fresh start.